 Dungeon Crawl Stone Soup version 0.27.1-35-g4d5d836560 (webtiles) character file.

Game seed: 156357091290987734

157 Delamore the Sneak (level 5, 0/51 HPs)
             Began as an Octopode Brigand on May 17, 2022.
             Killed from afar by a dart slug (4 damage)
             ... with a slug dart
             ... on level 3 of the Dungeon.
             The game lasted 00:01:59 (2717 turns).

Delamore the Sneak (Octopode Brigand)               Turns: 2717, Time: 00:01:59

Health: 0/51       AC:  1    Str: 10    XL:     5   Next: 38%
Magic:  5/5        EV: 12    Int: 14    God:
Gold:   86         SH:  0    Dex: 14    Spells: 4/4 levels left

rFire    . . .     SeeInvis .   a - +2 dagger
rCold    . . .     Faith    .   (no shield)
rNeg     . . .     Spirit   .   (helmet restricted)
rPois    .         Reflect  .   (no amulet)
rElec    .         Harm     .   (no ring)
rCorr    .         Rampage  .   (no ring)
Will     .....                  (no ring)
Stlth    ..........             (no ring)
HPRegen  0.17/turn              (no ring)
MPRegen  0.09/turn              (no ring)
                                (no ring)
                                (no ring)

@: berserking, flying, very quick
A: almost no armour, amphibious, 8 rings, camouflage 1, gelatinous body 1,
(nimble swimmer 1), tentacles
a: no special abilities


You were on level 3 of the Dungeon.
You visited 1 branch of the dungeon, and saw 3 of its levels.

You collected 86 gold pieces.

Inventory:

Hand Weapons
 a - a +2 dagger (weapon)
Missiles
 b - 8 poisoned darts
 c - a curare-tipped dart (quivered)
 h - 14 stones
Scrolls
 d - a scroll of enchant weapon
 g - a scroll of fog
 j - a scroll of teleportation
 l - a scroll of vulnerability {unknown}
Potions
 e - a potion of resistance {unknown}
 f - a potion of curing {unknown}
 i - a potion of flight
 m - a potion of magic {unknown}


   Skills:
 - Level 2.0 Fighting
 * Level 4.5 Short Blades
 + Level 3.4 Throwing
 - Level 1.0 Dodging
 - Level 5.3 Stealth


You had 4 spell levels left.
You didn't know any spells.
Your spell library contained the following spells:

 Spells                   Type           Power      Damage    Failure   Level
 Pain                     Necr           0%         1d4       28%         1
 Agony                    Necr           0%         N/A       100%        5
 Excruciating Wounds      Necr           0%         N/A       100%        5


Dungeon Overview and Level Annotations

Branches:
Dungeon (3/15)

Altars:
Ashenzari


Innate Abilities, Weirdness & Mutations

You cannot wear most types of armour.
You are amphibious.
You can wear up to eight rings at the same time.
Your skin changes colour to match your surroundings (Stealth+).
Your rubbery body absorbs attacks. (AC +1, EV +1)
((You are camouflaged near water. (Stealth+)))
You have tentacles for arms and can constrict up to eight enemies at once.


Message History

You constrict the ball python, but do no damage.
The ball python bites you. The ball python constricts you.
You hit the ball python.
You kill the ball python!
You hit the orc. You grab the orc.
The orc is moderately wounded.
You constrict the orc, but do no damage.
The orc hits you with a +0 hand axe.
The orc priest calls down the wrath of Beogh upon you.
Beogh smites you!
* * * LOW HITPOINT WARNING * * *
It was a potion of flight.
You feel very buoyant.
You fly up into the air.
You constrict the orc, but do no damage.
The orc barely misses you.
The orc priest calls upon Beogh to heal the orc.
The orc's wounds heal themselves!
It was a potion of berserk rage.
A red film seems to cover your vision as you go berserk!
You feel yourself moving faster!
You feel mighty!
You constrict the orc. The orc closely misses you.
The orc priest looks encouraged for a moment.
You hit the orc.
The orc is severely wounded.
You constrict the orc, but do no damage.
You hit the orc.
You kill the orc!
You barely miss the orc priest. Your grab misses the orc priest.
You hit the orc priest. You grab the orc priest.
The orc priest is moderately wounded.
You constrict the orc priest. The orc priest closely misses you.
You completely miss the orc priest.
The orc priest is heavily wounded.
You constrict the orc priest, but do no damage.
You barely miss the orc priest. You squeeze the orc priest!
You kill the orc priest!
The dart slug launches a dart at you. The slug dart hits you.
You die...

#...###...# .###
#._.#.##..# ...
#...#..#..# ..#
##'##..##.# ..# .
........## .. ##.#
#....#####
#####.#..... ##.#.#
#.#...)...##.. #...#
#....w.......# ###.#
#####@###...##
####.#### #.# .#
.......[# #.#
........# ####.#
........#####....#
...........##.####
......(....##.####
####.............#
#............##.##.#


You could see a dart slug.

Vanquished Creatures
  2 orc priests (D:3)
  3 adders (D:2)
  2 worms (D:2)
  4 dart slugs
  An orc (D:3)
  3 endoplasms
  3 giant cockroaches (D:1)
  6 goblins
  6 hobgoblins
  4 jackals (D:1)
  4 quokkas (D:2)
  6 ball pythons
  5 bats
  6 frilled lizards
  2 kobolds (D:1)
  A rat (D:1)
58 creatures vanquished.

Notes
Turn   | Place    | Note
-------+----------+-------------------------------------------
     0 | D:1      | Delamore the Octopode Brigand began the quest for the Orb.
     0 | D:1      | Reached XP level 1. HP: 14/14 MP: 1/1
     2 | D:1      | Noticed a gargoyle
     2 | D:1      | Noticed an octopode
     4 | D:1      | Noticed a minotaur
     4 | D:1      | Noticed a dwarf
     6 | D:1      | Noticed a naga
     6 | D:1      | Noticed a tengu
     8 | D:1      | Noticed a troll
     8 | D:1      | Noticed a demigod
    10 | D:1      | Noticed a human
    10 | D:1      | Noticed a djinni
    12 | D:1      | Noticed a vine stalker
    14 | D:1      | Noticed a spriggan
    16 | D:1      | Noticed an elf
    16 | D:1      | Noticed a vampire
    18 | D:1      | Noticed a merfolk
    18 | D:1      | Noticed a formicid
    20 | D:1      | Noticed a demonspawn
    20 | D:1      | Noticed a draconian
    22 | D:1      | Noticed a barachi
    24 | D:1      | Noticed a felid
    24 | D:1      | Noticed an ogre
    26 | D:1      | Noticed a ghoul
    26 | D:1      | Noticed a palentonga
   239 | D:1      | Found a faded altar of an unknown god.
   302 | D:1      | Reached XP level 2. HP: 19/19 MP: 2/2
  1222 | D:1      | Reached XP level 3. HP: 24/24 MP: 3/3
  1714 | D:2      | Reached XP level 4. HP: 29/29 MP: 4/4
  2671 | D:3      | Found a broken altar of Ashenzari.
  2704 | D:3      | Reached XP level 5. HP: 23/34 MP: 5/5
  2717 | D:3      | Killed from afar by a dart slug

Illustrated notes

Levels and vault maps discovered:
D:1:      kb_arrival_jail, layout_loops_corners,
          dilly_ecumenical_altar_fadedgnrine, minmay_misc_feat_doors,
          hangedman_decor_push
D:2:      layout_loops_ring
D:3:      kennysheep_slugbush, layout_basic, nicolae_ashenzari_skybound

Skill      XL: |  1  2  3  4 |
---------------+-------------+-----
Short Blades   | 3 4 |  4.5
Throwing       | 3 |  3.4
Fighting       | |  2.0
Dodging        | |  1.0
Stealth        | |  5.3

Action                   |  1- 3 |  4- 6 || total
-------------------------+-------+-------++-------
Melee: Dagger            |    56 |    52 ||   108
       Constrict         |    12 |    15 ||    27
       Tentacles         |     8 |    13 ||    21
Throw: Dart              |       |     2 ||     2
  Use: Scroll            |       |     3 ||     3
       Potion            |       |     2 ||     2
 Stab: Sleeping          |    16 |     5 ||    21
Armor: Skin              |     2 |     2 ||     4
Dodge: Dodged            |    17 |    26 ||    43
